amy, neutral female human Ranger ------------- |............# |^..........|# -------------# # # # # # #### #------- #........ |....... )[#T@%<...... |.^..... -------- amy the Trailblazer Experience level: 9 Strength: 18 Dexterity: 17 Constitution: 17 Intelligence: 14 Wisdom: 14 Charisma: 8 Health: 0(66) Energy: 57(57) Def: 17 Gold: 1652 Moves: 19398 Dungeon seed: 1TtN_Kfcfm-Mi9Bp Game ID: amy_1466919191 Your Inventory: Coins $ - 1652 gold pieces Weapons a - an uncursed +1 dagger c - 57 uncursed +2 arrows d - 20 blessed +0 arrows q - a blessed +2 bow (weapon in hand) I - 9 blessed +2 arrows R - 84 uncursed +0 arrows (in quiver) Z - 24 uncursed +0 arrows Armor e - an uncursed +2 cloak of displacement (being worn) p - a blessed rusty +1 helm of brilliance (being worn) y - an uncursed +0 pair of iron shoes (being worn) Y - a blessed +2 gray dragon scale mail (being worn) Comestibles j - an uncursed lizard corpse l - a cursed partly eaten food ration A - 2 uncursed eggs B - a cursed clove of garlic G - an uncursed clove of garlic M - 5 uncursed tripe rations Scrolls n - an uncursed scroll of scare monster H - 2 uncursed scrolls of teleportation J - a blessed scroll of water Rings L - a cursed ring of teleportation U - an uncursed ring of poison resistance (on right hand) X - an uncursed ring of protection from shape changers (on left hand) Wands g - an uncursed wand of slow monster (0:3) h - a blessed wand of striking (0:5) i - an uncursed wand of enlightenment (0:5) o - an uncursed wand of digging (0:3) s - an uncursed wand of digging (0:2) u - an uncursed wand of magic missile (0:6) v - an uncursed wand of undead turning (0:3) w - an uncursed wand of undead turning (0:4) C - an uncursed wand of speed monster (0:1) D - an uncursed wand of cold (0:4) E - an uncursed wand of enlightenment (0:0) K - an uncursed wand of undead turning (0:0) N - an uncursed wand of magic missile (0:7) P - an uncursed wand of sleep (0:6) V - an uncursed wand of digging (0:5) Tools b - an uncursed bag of holding named ok k - an uncursed skeleton key m - an uncursed magic whistle z - an uncursed magic marker (0:67) O - an uncursed towel Q - a cursed +0 unicorn horn T - an uncursed magic lamp (lit) Gems r - a cursed touchstone t - an uncursed luckstone Contents of the bag of holding named ok: 4612 gold pieces a cursed amulet of flying 3 uncursed +2 arrows 3 uncursed +1 arrows 36 cursed +0 arrows an uncursed +0 set of silver dragon scales an uncursed egg an uncursed lizard corpse a cursed lizard corpse 2 uncursed scrolls of earth an uncursed scroll of enchant armor an uncursed scroll of fire a cursed scroll of gold detection an uncursed scroll of light 2 uncursed scrolls of remove curse a cursed scroll of remove curse an uncursed scroll of taming 2 uncursed scrolls of teleportation a cursed scroll of teleportation an uncursed potion of acid 2 uncursed potions of blindness an uncursed potion of booze an uncursed potion of confusion an uncursed potion of extra healing an uncursed potion of fruit juice 2 uncursed potions of gain ability a blessed potion of invisibility an uncursed potion of invisibility a blessed potion of object detection 3 uncursed potions of object detection an uncursed potion of oil 2 uncursed potions of paralysis an uncursed potion of see invisible an uncursed potion of sickness an uncursed potion of sleeping an uncursed potion of water an uncursed ring of fire resistance a cursed ring of fire resistance a cursed ring of polymorph control an uncursed ring of regeneration an uncursed ring of stealth an uncursed wand of opening (0:6) an uncursed can of grease (0:0) 5 cursed partly used wax candles (0:367) an uncursed amethyst stone 2 uncursed diamonds 3 uncursed emeralds an uncursed fluorite stone 2 uncursed jacinth stones an uncursed jade stone 3 uncursed jet stones an uncursed luckstone 5 uncursed rubies Spells and supernatural/magical abilities: Name Level Category Fail Memory W - pray for help -- divine ? -- Your skills at the end: Miscellaneous Skills wands [Basic] Weapon Skills dagger [Basic] bow [Skilled] Spellcasting Skills Final Attributes: You were devoutly aligned. You were poison resistant. You were magic-protected. You were telepathic. You had automatic searching. You were displaced. You were stealthy. You were protected from shape changers. You were fast. You were lucky. You had extra luck. Bad luck did not time out for you. Good luck did not time out for you. You are dead (2nd time!). Vanquished creatures: a silver dragon a baby yellow dragon a vampire lord an Aleax a vampire 2 ghosts a winged gargoyle 3 giant mimics 3 fire giants 2 ogre kings an umber hulk 4 hill giants 2 xorns 4 wargs a small mimic an island nymph a warhorse 2 xans an ettin mummy an ogre lord 2 quantum mechanics a troll 2 sasquatches a freezing sphere a flaming sphere a gargoyle a tengu a gelatinous cube a chameleon 3 mountain centaurs a giant 2 elf mummies a human mummy a wraith 2 ettin zombies a leather golem an incubus a giant beetle 6 wolves a lynx 9 leprechauns a spotted jelly 4 lizards 2 orc-captains a giant spider a scorpion 2 iron piercers a horse an ice vortex 4 black lights 2 vampire bats 2 forest centaurs 3 gnome kings an orc mummy a dwarf mummy an ogre a rust monster 3 owlbears a yeti 4 Green-elves a dog 3 dingos 2 jaguars a dwarf lord a blue jelly 2 water nymphs a white unicorn 2 ravens 4 plains centaurs 3 gnome mummies a snake an ape 2 human zombies a rope golem 3 soldier ants 4 fire ants 30 bugbears an imp 2 wood nymphs 2 Mordor orcs 3 Uruk-hai 4 orc shamans a rock mole 3 rock piercers a pony a fog cloud 5 yellow lights 4 shriekers 3 violet fungi 23 gnome lords a gnomish wizard a kobold mummy a black naga hatchling a golden naga hatchling 3 gray oozes 3 elf zombies 3 ghouls a straw golem 13 giant ants a little dog 4 floating eyes 19 dwarves 3 kobold lords 3 iguanas 19 hill orcs 19 rothes 4 giant bats a monkey 3 orc zombies a dwarf zombie a wererat 4 killer bees 6 coyotes 3 gas spores 7 hobbits 4 acid blobs 8 large kobolds 4 geckos 28 hobgoblins 6 giant rats 6 cave spiders 5 brown molds 9 yellow molds 2 green molds a red mold 57 gnomes 15 garter snakes 14 manes 5 gnome zombies 13 jackals 3 foxes 5 kobolds 11 newts 7 goblins 2 sewer rats 18 grid bugs a bat 4 lichens 2 kobold zombies 580 creatures vanquished. Voluntary challenges: You used a wielded weapon 110 times, starting on turn 189. You read items or engraved 30 times, starting on turn 552. You never genocided any monsters. You polymorphed 21 items, starting on turn 6117. You never changed form. You cheated 3 times but completed Sokoban on turn 6213. You used 1 wish, starting on turn 1871. You did not wish for any artifacts. You never split a pudding. You wrote Elbereth's name 6 times, starting on turn 8770. You violated your moral code, losing 1 point of alignment, starting on turn 6725. Dungeon overview: The Dungeons of Doom: levels 1 to 18 Level 1 a fountain a long staircase Level 2 Level 3 a general store, some altars to Mercury and Venus, some fountains stairs to The Gnomish Mines Level 4 Level 5 an altar to Venus Level 6 many fountains Level 7 an altar to Mars stairs to Sokoban Level 8 a fountain Level 9 an altar to Mars, a fountain Level 10 Level 11 some fountains Level 12 a fountain Level 13 Level 14 a hardware shop Level 15 Level 16 a fountain Level 17 a fountain Level 18 <- You were here The Gnomish Mines: levels 4 to 11 Level 4 stairs to The Dungeons of Doom Level 5 Level 6 Level 7 some shops, a temple to Mercury, a magic chest, some fountains Level 8 Level 9 Level 10 Level 11 a magic chest, some fountains Sokoban: levels 3 to 6 Level 3 a magic chest Level 4 Level 5 a fountain Level 6 a magic chest stairs to The Dungeons of Doom History has recorded: On T:1 you entered the Dungeons of Doom to retrieve the Amulet of Yendor! On T:209 you reached level 2 of The Dungeons of Doom. On T:488 you reached level 3 of The Dungeons of Doom. On T:502 you advanced to experience level 2. On T:729 you reached level 1 of The Gnomish Mines. On T:858 you advanced to experience level 3. On T:984 you reached level 2 of The Gnomish Mines. On T:1091 you reached level 3 of The Gnomish Mines. On T:1138 you reached level 4 of The Gnomish Mines. On T:1161 you advanced to experience level 4. On T:1320 you entered the Minetown temple On T:1375 you opened a magic chest. On T:1406 you opened a magic chest. On T:1871 you wished for "blessed +2 grey dragon scale mail". On T:1947 you reached level 4 of The Dungeons of Doom. On T:2068 you reached level 5 of The Dungeons of Doom. On T:2255 you reached level 6 of The Dungeons of Doom. On T:2313 you received advice from The Oracle. On T:2313 you advanced to experience level 5. On T:2389 you reached level 7 of The Dungeons of Doom. On T:2437 you reached level 4 of Sokoban. On T:2921 you reached level 3 of Sokoban. On T:3801 you reached level 2 of Sokoban. On T:4381 you reached level 1 of Sokoban. On T:5434 you advanced to experience level 6. On T:6213 you entered the Sokoban zoo. On T:6342 you opened a magic chest. On T:7802 you reached level 5 of The Gnomish Mines. On T:8120 you reached level 6 of The Gnomish Mines. On T:8393 you reached level 7 of The Gnomish Mines. On T:8456 you advanced to experience level 7. On T:8546 you reached level 8 of The Gnomish Mines. On T:8546 you reached the bottom of the Mines. On T:9797 you opened a magic chest. On T:10407 you opened a magic chest. On T:10485 you opened a magic chest. On T:10961 you reached level 8 of The Dungeons of Doom. On T:11255 you advanced to experience level 8. On T:11425 you reached level 9 of The Dungeons of Doom. On T:11746 you reached level 10 of The Dungeons of Doom. On T:12044 you reached level 11 of The Dungeons of Doom. On T:13086 you reached level 12 of The Dungeons of Doom. On T:14154 you reached level 14 of The Dungeons of Doom. On T:14190 you were saved from death by your amulet of life saving! On T:15001 you reached level 15 of The Dungeons of Doom. On T:15151 you advanced to experience level 9. On T:15352 you reached level 16 of The Dungeons of Doom. On T:18910 you reached level 17 of The Dungeons of Doom. On T:19222 you reached level 18 of The Dungeons of Doom. Score breakdown: Gold: 6264 ( 626 points) Experience: 9 levels ( 800 points) Exploration: 18 levels ( 510 points) Discoveries: 51 items ( 2000 points) Variety of kills: 139 monsters ( 2000 points) Major goal: Sokoban/Mines ( 1500 points) Survival: died (score multiplied by 3) Total score: 22308 Latest messages: The tengu misses the stone golem. (2x) The stone golem punches the tengu. The tengu misses the stone golem. The tengu pecks the stone golem. The stone golem punches the tengu. The tengu is killed! The rock troll thrusts his pronged polearm at Spike. The rock troll hits Spike. The rock troll misses Spike. (2x) The rock troll thrusts his pronged polearm at Spike. The rock troll misses Spike. (3x) The rock troll strikes at your displaced image and misses you! (3x) You displace Spike. The rock troll thrusts his pronged polearm. The rock troll hits! The rock troll claws you! (2x) The rock troll misses. Something is engraved here on the ground. You read: "Elbcreth". You shoot 2 arrows. The 1st arrow hits the rock troll. The 2nd arrow hits the rock troll. The rock troll thrusts his pronged polearm. The rock troll hits! The rock troll claws you! You die... Final status: Goodbye amy the Ranger, killed by a rock troll... You died in The Dungeons of Doom on dungeon level 18 with 22308 points, and 6264 pieces of gold, after 19398 moves. You were level 9 with a maximum of 66 hit points when you died.